AoeStats
← DS_Rodrixs
◆

SD3 Mesa Verde v2

513203623Analyzed
1v1 RM · 4d ago on Oct 12, 2026· 20m 55s· 2 players
Game mode
Random Map
Map size
132×132
Population
200
Speed
Normal
Resources
Standard
Victory
Conquest
Starting age
Dark Age
Ending age
Dark Age
RankedLock teamsTeams togetherTeam positionsShared explorationLock speedFull tech treeHidden civsTurbo modeCheats
Victory
Defeat
🇦🇷 Burgundians · Argentina
1534
+15
vs
🇷🇴 Shu · Romania
1518
-15
Andre_2i
2:27 Loom
10:19 Feudal Age
17:57 Castle Age
DS_Rodrixs
5:45 Loom
8:00 Feudal Age
6:32 Double-Bit Axe
11:18 Horse Collar
20:50 Castle Age
19:24 Fletching
19:45 Gold Mining
20:12 Scale Barding Armor
Connection lost

Rejoining the realm…

Still unreachable

The connection could not be restored.

Session expired

The server has moved on; the page needs a fresh start.